AoeStats
← WING123456

Nomad

508864067Analyzed
4v4 RM · 8d ago on Sep 24, 2026· 35m 35s· 8 players
Game mode
Random Map
Map size
231×231
Population
200
Speed
Normal
Resources
Standard
Victory
Conquest
Starting age
Dark Age
Ending age
Imperial Age
RankedLock teamsTeams togetherTeam positionsShared explorationLock speedFull tech treeHidden civsTurbo modeCheats
Victory
Defeat
🇮🇳 Spanish · India
1059
+13
🇨🇳 Italians · China
1050
+13
🇨🇳 Koreans · China
1025
+14
🇭🇰 Vietnamese · Hong Kong SAR China
1003
+15
🇦🇺 Burgundians · Australia
1010
-16
🇦🇺 Persians · Australia
988
-14
🇦🇺 Huns · Australia
974
-13
🇦🇺 Spanish · Australia
948
-12
tugou
6:12 Loom
15:17 Feudal Age
16:37 Double-Bit Axe
19:15 Castle Age
17:39 Gold Mining
17:42 Stone Mining
18:04 Fishing Lines
20:19 Gillnets
20:41 Bow Saw
20:28 Fletching
22:49 Bodkin Arrow
24:07 Wheelbarrow
23:18 Town Watch
29:09 Imperial Age
27:34 Ballistics
29:58 Hand Cart
30:53 Bracer
30:34 Elite War Wagon
32:23 Conscription
35:28 Chemistry
高兴就好
5:03 Loom
13:41 Feudal Age
17:21 Castle Age
15:45 Horse Collar
16:51 Double-Bit Axe
18:22 Bow Saw
18:13 Heavy Plow
WING123456
3:24 Loom
14:06 Feudal Age
19:36 Castle Age
17:55 Fletching
19:00 Padded Archer Armor
18:59 Double-Bit Axe
20:03 Crossbowman
20:51 Bodkin Arrow
21:39 Gold Mining
34:34 Imperial Age
33:24 Bow Saw
34:18 Ballistics
34:57 Leather Archer Armor
36:25 Conscription
Kingssiu
10:51 Loom
15:07 Feudal Age
19:28 Castle Age
21:52 Double-Bit Axe
26:48 Fletching
27:56 Horse Collar
28:54 Heavy Plow
29:08 Forging
28:56 Bodkin Arrow
34:53 Padded Archer Armor
36:02 Leather Archer Armor
TikishTakush
8:05 Loom
16:24 Feudal Age
15:22 Double-Bit Axe
20:54 Fletching
mannamehdi
15:09 Loom
17:59 Feudal Age
18:39 Double-Bit Axe
23:45 Fletching
Sarder King
8:22 Loom
13:46 Feudal Age
13:53 Feudal Age
14:48 Man-at-Arms
24:22 Castle Age
22:59 Wheelbarrow
23:11 Double-Bit Axe
25:39 Fletching
RiverPompano536
8:32 Loom
15:34 Feudal Age
17:36 Wheelbarrow
18:16 Double-Bit Axe
18:21 Horse Collar
21:42 Castle Age
21:03 Stone Mining
23:39 Fletching
29:54 Bodkin Arrow
30:07 Scale Barding Armor
30:02 Town Watch
32:06 Ballistics
32:44 Chain Barding Armor
32:30 Heavy Plow
32:56 Forging
35:01 Iron Casting
Connection lost

Rejoining the realm…

Still unreachable

The connection could not be restored.

Session expired

The server has moved on; the page needs a fresh start.